 Dungeon Crawl Stone Soup version 0.21-a0-150-gc243083 (webtiles) character file.

25759 drasked the Nimble (level 12, -2/72 HPs)
             Began as a Deep Elf Fire Elementalist on July 26, 2017.
             Was an Elder of Vehumet.
             Slain by an eight-headed hydra (13 damage)
             ... on level 4 of the Lair of Beasts.
             The game lasted 01:48:55 (20898 turns).

drasked the Nimble (Deep Elf Fire Elementalist)    Turns: 20898, Time: 01:48:56

Health: -2/72      AC:  3    Str:  8    XL:     12   Next: 92%
Magic:  19/27      EV: 22    Int: 26    God:    Vehumet [****..]
Gold:   933        SH:  6    Dex: 15    Spells: 3/30 levels left

rFire    + + .     SeeInvis +   V - staff of fire {rF+}
rCold    . . .     Gourm    .   a - +1 buckler "Vegas" {rF+ Str+3 SInv}
rNeg     . . .     Faith    .   Q - +0 robe {Archmagi}
rPois    .         Spirit   .   H - +0 hat
rElec    .         Reflect  .   J - scarf {repulsion}
rCorr    +         Harm     .   (no gloves)
MR       +....                  D - +0 pair of boots
Stlth    ++........             M - amulet of magic regeneration
HPRegen  0.22/turn              y - +2 ring of evasion
MPRegen  0.45/turn              z - ring of resist corrosion

@: repel missiles
A: no striking features
a: Renounce Religion


You were on level 4 of the Lair of Beasts.
You worshipped Vehumet.
Vehumet was greatly pleased with you.
You were not hungry.

You visited 3 branches of the dungeon, and saw 17 of its levels.
You also visited: Sewer.

You collected 933 gold pieces.

Inventory:

Hand Weapons
 d - a +3 rapier of flaming
   (You took it off an orc on level 4 of the Dungeon)
Missiles
 L - a throwing net {=f, !d}
Armour
 a - the +1 buckler "Vegas" (worn) {rF+ Str+3 SInv}
   (You found it on level 1 of the Lair of Beasts)

   It affects your strength (+3).
   It protects you from fire.
   It lets you see invisible.
 D - a +0 pair of boots (worn)
   (You found it on level 8 of the Dungeon)
 H - a +0 hat (worn)
   (You took it off Gastronok on level 8 of the Dungeon)
 J - a scarf of repulsion (worn)
   (You found it on level 9 of the Dungeon)
 Q - a +0 robe of the Archmagi (worn)
   (You took it off a necromancer on level 2 of the Lair of Beasts)
Magical Staves
 V - an uncursed staff of fire (weapon) {rF+}
   (You found it on level 3 of the Lair of Beasts)
 Y - an uncursed staff of power {MP+17, !a}
   (You found it on level 3 of the Lair of Beasts)
Jewellery
 e - an uncursed amulet of regeneration {unknown}
   (You found it on level 4 of the Lair of Beasts)
 y - a +2 ring of evasion (left hand)
   (You found it on level 5 of the Dungeon)
 z - a ring of resist corrosion (right hand)
   (You found it on level 10 of the Dungeon)
 M - an amulet of magic regeneration (around neck)
   (You found it on level 2 of the Lair of Beasts)
 U - an uncursed ring of ice {rC+, rF-}
   (You found it on level 3 of the Lair of Beasts)
Wands
 j - a wand of confusion (0/48)
   (You took it off an orc on level 6 of the Dungeon)
 I - a wand of iceblast (5/15)
   (You found it on level 9 of the Dungeon)
 O - a wand of acid (8/15)
   (You found it on level 6 of the Lair of Beasts)
Scrolls
 f - 5 scrolls of fog
 g - 11 scrolls of remove curse
 i - a scroll of enchant weapon
 k - 2 scrolls of amnesia
 m - 3 scrolls of fear
 n - a scroll of magic mapping {!r}
 u - 3 scrolls of recharging
 v - 6 scrolls of teleportation
 x - 2 scrolls of enchant armour
 F - a scroll of blinking {!r}
 R - 4 scrolls of identify
 X - a scroll of vulnerability {unknown}
Potions
 h - 2 potions of cancellation {unknown}
 l - 4 potions of haste
 o - 2 potions of flight
 p - a potion of degeneration {unknown}
 q - 6 potions of lignification {!q}
 r - 10 potions of curing
 s - 4 potions of brilliance
 t - 5 potions of heal wounds
 w - a potion of might {unknown}
 C - a potion of magic {unknown}
Books
 b - a book of Flames
 B - a Young Poisoner's Handbook
   (You found it on level 1 of the Lair of Beasts)
 N - a book of Necromancy
   (You found it on level 10 of the Dungeon)
 P - a book of Changes
   (You found it on level 2 of the Lair of Beasts)
 T - a book of Battle
   (You found it on level 2 of the Lair of Beasts)
Comestibles
 c - 10 bread rations {@e1}
 K - 3 meat rations {@e2}
 W - 8 fruits
 Z - 4 chunks of flesh {@w0}


   Skills:
 - Level 7.0 Fighting
 - Level 11.7 Dodging
 - Level 2.4 Stealth
 - Level 4.1 Shields
 + Level 9.8 Spellcasting
 - Level 10.7 Conjurations
 - Level 7.1 Charms
 - Level 10.6 Fire Magic
 * Level 6.9 Poison Magic


You had 3 spell levels left.
You knew the following spells:

 Your Spells              Type           Power        Failure   Level  Hunger
a - Flame Tongue          Conj/Fire      #####        1%          1    None
b - Olgreb's Toxic Radia  Pois           ######..     1%          4    None
c - Conjure Flame         Conj/Fire      ########     1%          3    None
d - Mephitic Cloud        Conj/Pois/Air  ######..     1%          3    None
e - Poisonous Vapours     Pois/Air       #####.       1%          2    None
f - Fireball              Conj/Fire      ########..   1%          5    ####...
r - Regeneration          Chrm/Necr      #####.....   3%          3    None
s - Sticky Flame          Conj/Fire      ########     1%          4    None
x - Throw Flame           Conj/Fire      ######       1%          2    None


Dungeon Overview and Level Annotations

Branches:
Dungeon (10/15)            Temple (1/1) D:5            Lair (6/6) D:8
  Swamp (0/4) Lair:2       Spider (0/4) Lair:3        Slime (0/5) Lair:6
    Orc (0/2) D:9

Altars:
Ashenzari
Cheibriados
Dithmenos
Elyvilon
Fedhas
Gozag
Hepliaklqana
Kikubaaqudgha
Makhleb
Nemelex Xobeh
Okawaru
Qazlal
Ru
Sif Muna
Trog
Uskayaw
Vehumet
Wu Jian
Xom
Yredelemnul
Zin
The Shining One
Jiyva

Annotations:
D:6 Sigmund
D:8 Wingboner's ghost, novice DsTm
Lair:1 exclusion: downstairs


Message History

You see here a runed diamond amulet.
Okay, then.
Autoeating chunks.
Eating one of 7 chunks of flesh {@w0}.
You eat one of the 7 chunks of flesh {@w0}.
Your pack is full.
You see here a runed diamond amulet.
Autopickup is now off.
Autopickup is now on.
Your pack is full.
You see here a runed diamond amulet.
Your pack is full.
You see here a runed diamond amulet.
Drop what? 52/52 slots (_ for help) (? for menu, Esc to quit)
Okay, then.
Unknown command.
Unknown command.
Drop what? 52/52 slots (_ for help) (? for menu, Esc to quit)
You drop 3 potions of mutation {!q}.
You drop the +2 leather armour of Loss {rN+ Dex+4}.
You drop a wand of iceblast (?/15) {zapped: 2}.
You drop +0 steam dragon scales.
You drop a dagger of venom.
You regained 2 mp, and now have 26/27 mp.
MP restored: 27
e - a runed diamond amulet A killer bee comes into view.
You see here 11 gold pieces.
Unknown command.
You now have 933 gold pieces (gained 11).
The killer bee stings something but does no damage.
The killer bee moves out of view.
Health restored: 72
There is a stone staircase leading up here.
You feel your magic capacity increase.
Y - an uncursed staff of power (weapon)
Okay, then.
Okay, then.
Wear which item? (? for menu, Esc to quit)
Okay, then.
Wield which item (- for none, * to show all)? (? for menu, Esc to quit)
You feel your magic capacity decrease.
V - an uncursed staff of fire (weapon)
{rF+}
Okay, then.
There is a stone staircase leading up here.
Some of the chunks of flesh in your inventory have rotted away.
Okay, then.
Unknown command.
Okay, then.
Aim: a killer bee You feel a surge of power!
Poisonous vapours surround the killer bee!
The killer bee is engulfed in poison gas.
The killer bee is poisoned.
You now have 26/27 mp.
Aim: a killer bee (moderately wounded, poisoned)
You feel a surge of power!
Poisonous vapours surround the killer bee!
The killer bee is engulfed in poison gas.
The killer bee looks even sicker.
The killer bee misses you.
The killer bee is engulfed in poison gas.
The killer bee looks even sicker.
The killer bee misses you.
You now have 24/27 mp.
Aim: a killer bee (almost dead, poisoned)
You feel a strong surge of power!
The flame tongue hits the killer bee.
You kill the killer bee!
Vehumet accepts your kill.
You feel your power returning.
MP restored: 27 An eight-headed hydra comes into view.
The eight-headed hydra roars!
Aim: an eight-headed hydra You feel a surge of power!
But poisonous vapours would do no harm to the eight-headed hydra!
Aim: an eight-headed hydra You feel a strong surge of power!
The fireball explodes!
The fireball engulfs the eight-headed hydra.
You now have 22/27 mp.
Aim: an eight-headed hydra (heavily wounded)
You feel a strong surge of power!
The sticky flame hits the eight-headed hydra.
The eight-headed hydra is covered in liquid flames!
The eight-headed hydra burns!
The eight-headed hydra misses you.
You block the eight-headed hydra's attack.
The eight-headed hydra misses you. The eight-headed hydra bites you.
The eight-headed hydra bites you!
You block the eight-headed hydra's attack.
The eight-headed hydra bites you! The eight-headed hydra misses you.
You take 30 damage, and have 42/72 hp.
MASSIVE DAMAGE!!
You now have 19/27 mp.
The eight-headed hydra burns!
You block the eight-headed hydra's attack.
The eight-headed hydra bites you. The eight-headed hydra bites you!
The eight-headed hydra barely misses you.
The eight-headed hydra bites you! x2
* * * LOW HITPOINT WARNING * * *
The eight-headed hydra closely misses you.
The eight-headed hydra bites you!
You die...

##......#.. .# #.......... .
..# ###.......#.. .. ..#####
###.##........P
...##....########..###.........
...............................
.....!..>......................
...............................
.............D@................
................<..............
...............................
...............................
#######.###....#########....#.#
### ###### #.#.#... ######.P
#..


You could see an eight-headed hydra (burning).

Vanquished Creatures
  Gastronok (D:8)
  A hydra (Lair:2)
  Erica (D:8)
  3 death yaks (D:8)
  A two-headed ogre (D:10)
  The ghost of kal9871 the Martial Artist, a novice OpTm of Uskayaw (D:10)
  2 unseen horrors (D:10)
  A necromancer (Lair:2)
  4 black mambas
  4 elephants (Lair:4)
  6 spiny frogs
  A demonic crawler (Lair:3)
  A troll (D:10)
  A merfolk (D:9)
  2 hornets (D:9)
  Grinder (D:4)
  Prince Ribbit (D:8)
  9 hippogriffs
  10 yaks
  A wyvern (Lair:3)
  2 basilisks
  2 hungry ghosts (D:9)
  2 steam dragons
  2 insubstantial wisps (Lair:2)
  A two-headed ogre zombie (D:9)
  11 water moccasins
  5 porcupines
  2 black bears
  4 orc warriors
  2 ice beasts
  2 phantoms
  5 ogres
  5 centaurs
  4 wolves (Lair:3)
  3 crocodiles
  A big kobold (D:9)
  15 bullfrogs
  4 scorpions
  14 killer bees
  3 troll zombies (D:9)
  4 wights (D:6)
  7 howler monkeys
  5 crimson imps
  A bullfrog zombie (D:5)
  A centaur zombie (D:8)
  11 hounds
  2 bullfrog skeletons
  3 jellies
  6 orc wizards
  2 orc priests
  A quasit (D:9)
  A hell rat (Lair:4)
  2 iguanas
  10 worker ants
  4 polar bear simulacra (Lair:2)
  A yak simulacrum (Lair:2)
  A wolf simulacrum (Lair:2)
  A killer bee zombie (D:10)
  4 ogre zombies (D:9)
  A hound skeleton (D:6)
  11 adders
  3 river rats (Sewer)
  5 shadow imps
  4 oozes
  2 adder skeletons
  An adder zombie (D:7)
  4 worms
  A dart slug (D:2)
  7 leopard geckos
  26 orcs
  7 giant cockroaches
  4 goblins
  9 hobgoblins
  4 jackals (D:7)
  5 quokkas
  12 ball pythons
  7 bats
  12 frilled lizards
  2 goblin skeletons (D:9)
  3 goblin zombies (D:9)
  A hobgoblin skeleton (D:9)
  5 hobgoblin zombies (D:9)
  12 kobolds
  An orc skeleton (D:9)
  13 orc zombies (D:9)
  30 rats
  5 river rat simulacra (Lair:2)
  A fungus (Lair:3)
406 creatures vanquished.

Vanquished Creatures (collateral kills)
  An adder (D:7)
1 creature vanquished.

Vanquished Creatures (others)
  An ogre (D:8)
  5 fungi
  3 plants (Lair:2)
9 creatures vanquished.

Grand Total: 416 creatures vanquished

Notes
Turn   | Place    | Note
-------+----------+-------------------------------------------
     0 | D:1      | drasked the Deep Elf Fire Elementalist began the quest for the Orb.
     0 | D:1      | Reached XP level 1. HP: 10/10 MP: 6/6
   219 | D:1      | You fall through a shaft!
   242 | D:2      | Reached skill level 2 in Conjurations
   281 | D:2      | Reached XP level 2. HP: 15/15 MP: 4/8
   491 | D:1      | Reached skill level 3 in Conjurations
   762 | D:2      | Reached XP level 3. HP: 19/19 MP: 6/9
  1117 | D:3      | Reached skill level 4 in Conjurations
  1481 | D:3      | Reached XP level 4. HP: 24/24 MP: 8/10
  1508 | D:3      | Learned a level 2 spell: Throw Flame
  1513 | D:3      | Learned a level 4 spell: Sticky Flame
  1933 | D:3      | Found a sacrificial altar of Ru.
  1949 | D:3      | Reached skill level 4 in Fire Magic
  1985 | D:3      | Reached XP level 5. HP: 27/28 MP: 4/11
  1991 | D:3      | Learned a level 3 spell: Conjure Flame
  2359 | D:4      | Noticed Grinder
  2422 | D:4      | Found a shadowy altar of Dithmenos.
  2459 | D:4      | HP: 7/28 [worker ant (6)]
  2464 | D:4      | HP: 4/28 [poisoned by a worker ant]
  2467 | D:4      | Reached skill level 5 in Conjurations
  2751 | D:4      | Reached skill level 5 in Fire Magic
  2959 | D:4      | Reached XP level 6. HP: 32/32 MP: 7/12
  3283 | D:4      | Reached skill level 6 in Conjurations
  3449 | D:4      | Killed Grinder
  3449 | D:4      | Reached skill level 6 in Fire Magic
  3449 | D:4      | Reached XP level 7. HP: 36/36 MP: 5/13
  3480 | D:5      | Entered Level 5 of the Dungeon
  3716 | D:5      | Reached skill level 7 in Conjurations
  3727 | D:5      | Found a glowing drain.
  3777 | Sewer    | Entered a sewer
  4191 | Sewer    | Reached skill level 7 in Fire Magic
  4600 | D:5      | Reached XP level 8. HP: 18/41 MP: 7/14
  4784 | D:5      | Found a staircase to the Ecumenical Temple.
  4793 | Temple   | Entered the Ecumenical Temple
  4892 | Temple   | Became a worshipper of Vehumet
  5114 | D:5      | Reached skill level 8 in Conjurations
  5130 | D:5      | Reached skill level 8 in Fire Magic
  5244 | D:5      | HP: 9/41 [bullfrog zombie (6)]
  5712 | D:6      | Reached skill level 9 in Fire Magic
  5726 | D:6      | Found a burning altar of Makhleb.
  6086 | D:6      | Reached skill level 10 in Fire Magic
  6087 | D:6      | HP: 10/41 [poisoned by a scorpion]
  6096 | D:6      | Noticed Sigmund
  7020 | D:6      | Reached XP level 9. HP: 28/45 MP: 1/15
  7442 | D:7      | Reached skill level 9 in Conjurations
  7726 | D:7      | Reached * piety under Vehumet
  7726 | D:7      | Offered knowledge of Shock by Vehumet.
  7861 | D:7      | Reached skill level 10 in Conjurations
  8314 | D:6      | Found a sparkling altar of Nemelex Xobeh.
  8506 | D:7      | Reached skill level 1 in Fighting
  8511 | D:7      | Reached skill level 3 in Dodging
  8632 | D:6      | Reached skill level 4 in Spellcasting
  8918 | D:7      | Found a shattered altar of Ashenzari.
  9018 | D:8      | Got an ichor-stained leather armour
  9062 | D:8      | Identified the +2 leather armour of Loss {rN+ Dex+4} (You found it on level 8 of the Dungeon)
  9088 | D:8      | Noticed Wingboner's ghost (novice DsTm)
  9310 | D:8      | Found a staircase to the Lair.
  9310 | D:8      | Noticed a death yak
  9321 | D:8      | Reached skill level 2 in Fighting
  9321 | D:8      | Reached skill level 4 in Dodging
  9321 | D:8      | Reached skill level 5 in Spellcasting
  9331 | D:8      | Learned a level 5 spell: Fireball
  9468 | D:8      | Noticed a death yak
  9469 | D:8      | Noticed a death yak
  9506 | D:8      | Noticed Prince Ribbit
  9510 | D:8      | Killed Prince Ribbit
  9658 | D:8      | Noticed Gastronok
  9690 | D:8      | Killed Gastronok
  9690 | D:8      | Reached skill level 4 in Fighting
  9690 | D:8      | Reached skill level 7 in Dodging
  9690 | D:8      | Reached XP level 10. HP: 34/58 MP: 3/19
  9831 | D:8      | Noticed Erica
  9899 | D:8      | Killed Erica
  9899 | D:8      | Reached skill level 5 in Fighting
  9899 | D:8      | Reached skill level 8 in Dodging
 10808 | D:9      | Reached skill level 6 in Fighting
 10808 | D:9      | Reached skill level 9 in Dodging
 11348 | D:9      | Reached ** piety under Vehumet
 11348 | D:9      | Offered knowledge of Sandblast by Vehumet.
 11434 | D:9      | Reached XP level 11. HP: 20/66 MP: 2/20
 11440 | D:9      | HP: 15/66 [yak (6)]
 12438 | D:9      | Offered knowledge of Throw Frost by Vehumet.
 12526 | D:9      | Reached skill level 6 in Spellcasting
 12602 | D:9      | Found a staircase to the Orcish Mines.
 12721 | D:9      | Found a hazy altar of Hepliaklqana.
 12941 | D:9      | Reached skill level 10 in Dodging
 13224 | D:9      | Reached *** piety under Vehumet
 13394 | D:10     | Entered Level 10 of the Dungeon
 13416 | D:10     | Noticed kal9871's ghost (novice OpTm)
 13425 | D:10     | Killed kal9871's ghost
 13425 | D:10     | Reached skill level 7 in Fighting
 13787 | D:10     | Reached skill level 7 in Spellcasting
 14017 | D:10     | Noticed a two-headed ogre
 14022 | D:10     | Killed a two-headed ogre
 14324 | D:10     | HP: 12/67 [something (7)]
 14329 | D:10     | Killed an unseen horror
 14329 | D:10     | Offered knowledge of Olgreb's Toxic Radiance by Vehumet.
 14769 | D:10     | Killed an unseen horror
 14769 | D:10     | Reached skill level 11 in Dodging
 14769 | D:10     | Reached skill level 8 in Spellcasting
 15258 | D:8      | Killed a death yak
 15261 | D:8      | Killed a death yak
 15264 | D:8      | Killed a death yak
 15264 | D:8      | Reached skill level 9 in Spellcasting
 15407 | D:8      | Learned a level 3 spell: Regeneration
 15413 | Lair:1   | Entered Level 1 of the Lair of Beasts
 15415 | Lair:1   | Got a fine buckler
 15482 | Lair:1   | Identified the +1 buckler "Vegas" {rF+ Str+3 SInv} (You found it on level 1 of the Lair of Beasts)
 15567 | Lair:1   | Learned a level 4 spell: Olgreb's Toxic Radiance
 15647 | Lair:1   | Reached XP level 12. HP: 59/72 MP: 18/27
 15881 | Lair:1   | Reached skill level 1 in Charms
 15884 | Lair:1   | Reached skill level 1 in Shields
 15967 | Lair:1   | Reached skill level 2 in Charms
 16175 | Lair:1   | Learned a level 3 spell: Mephitic Cloud
 16766 | Lair:2   | Noticed an eight-headed hydra
 17040 | Lair:2   | Reached skill level 2 in Shields
 17040 | Lair:2   | Reached **** piety under Vehumet
 17040 | Lair:2   | Reached skill level 3 in Charms
 17041 | Lair:2   | Reached skill level 1 in Poison Magic
 17234 | Lair:2   | Reached skill level 2 in Poison Magic
 17238 | Lair:2   | Offered knowledge of Fulminant Prism by Vehumet.
 17413 | Lair:2   | Reached skill level 4 in Charms
 17764 | Lair:1   | Reached skill level 3 in Poison Magic
 17831 | Lair:2   | Reached skill level 3 in Shields
 18246 | Lair:2   | Killed an eight-headed hydra
 18246 | Lair:2   | Reached skill level 5 in Charms
 18355 | Lair:2   | Found a staircase to the Swamp.
 18667 | Lair:2   | Learned a level 2 spell: Poisonous Vapours
 19036 | Lair:3   | Reached skill level 4 in Poison Magic
 19194 | Lair:3   | Reached skill level 6 in Charms
 19626 | Lair:3   | Reached skill level 4 in Shields
 19635 | Lair:3   | You fall through a shaft for 3 floors!
 19635 | Lair:6   | Entered Level 6 of the Lair of Beasts
 19635 | Lair:6   | Found a viscous altar of Jiyva.
 19635 | Lair:6   | Found a staircase to the Slime Pits.
 19803 | Lair:6   | Reached skill level 5 in Poison Magic
 19965 | Lair:3   | Reached skill level 7 in Charms
 20396 | Lair:3   | Found a hole to the Spider Nest.
 20726 | Lair:4   | Reached skill level 6 in Poison Magic
 20887 | Lair:4   | Noticed an eight-headed hydra
 20898 | Lair:4   | HP: 11/72 [eight-headed hydra (12)]
 20898 | Lair:4   | Slain by an eight-headed hydra

Vault maps used:
D:1:      zelgadis_glass_arrival_small
D:3:      nicolae_ru_great_annihilating_truth, minmay_misc_feat_more_columns
D:4:      lemuel_round_altar, kennysheep_boxes, uniq_grinder
D:5:      minmay_temple_entry_trees, first_bread, portal_sewer_entry_f
D:6:      bloody_makhleb, nemelex_lonely_heart_becter, uniq_sigmund
D:7:      kennysheep_little_box
D:8:      dpeg_lair_monsters, uniq_erica, uniq_gastronok, uniq_prince_ribbit1
D:9:      kennysheep_mini_moat, zombieorc2_lemuel, hangedman_fish_farm
Temple:   minmay_crystal_spiral_temple
Lair:1:   st_stairs_6
Lair:2:   minmay_swamp_entry_wisps, eino_house_with_fridge, serial_bayou_shore_b
Lair:3:   nicolae_spider_entry_non_spiders, minivault_26, beast_lair_carwin_9
Lair:4:   regret_index_bee_streams, lemuel_fruit_tree
Lair:5:   dragon1_lemuel
Lair:6:   minmay_lair_end_enchanted_forest, slime_altar_1,
          infiniplex_staircase_pool
Sewer:    sewer_minmay_w

Skill      XL: |  1  2  3  4  5  6  7  8  9 10 11 12 |
---------------+-------------------------------------+-----
Conjurations   | 2 3 4 5 6 7 8 10 | 10.7
Fire Magic     | 4 5 6 7 10 | 10.6
Fighting       | 4 6 7 |  7.0
Dodging        | 7 9 11 | 11.7
Spellcasting   | 5 9 |  9.8
Charms         | 7 |  7.1
Shields        | 4 |  4.1
Poison Magic   | 6 |  6.9
Stealth        | |  2.4

Action                   |  1- 3 |  4- 6 |  7- 9 | 10-12 || total
-------------------------+-------+-------+-------+-------++-------
Melee: Club              |     1 |     2 |       |       ||     3
       Rapier            |       |       |   220 |    23 ||   243
       Dagger            |       |       |    59 |       ||    59
       Staff             |       |       |       |     2 ||     2
 Cast: Flame Tongue      |    73 |    74 |   186 |   329 ||   662
       Conjure Flame     |       |     1 |    16 |    32 ||    49
       Throw Flame       |       |       |    35 |   181 ||   216
       Sticky Flame      |       |       |    26 |    62 ||    88
       Fireball          |       |       |       |    52 ||    52
       Poisonous Vapours |       |       |       |    13 ||    13
       Olgreb's Toxic Ra |       |       |       |     8 ||     8
       Mephitic Cloud    |       |       |       |     1 ||     1
Evoke: Wand              |       |       |       |    10 ||    10
  Use: Potion            |       |     2 |     1 |     1 ||     4
       Scroll            |       |       |    16 |     5 ||    21
 Stab: Confused          |       |       |       |     3 ||     3
       Sleeping          |       |       |       |     3 ||     3
  Eat: Chunk             |     2 |     6 |    15 |    33 ||    56
       Fruit             |       |       |     8 |     6 ||    14
       Meat ration       |       |       |     1 |     1 ||     2
       Bread ration      |       |       |       |     1 ||     1
       Royal jelly       |       |       |       |     2 ||     2
Armor: Robe              |     3 |     2 |    35 |     3 ||    43
       Leather armour    |       |       |     3 |    20 ||    23
       Steam dragon scal |       |       |       |    20 ||    20
Dodge: Dodged            |    20 |    21 |   238 |   293 ||   572
       Deflected         |       |       |       |     1 ||     1
Block: Buckler           |       |       |       |    42 ||    42

Vault maps used:
D:1:      zelgadis_glass_arrival_small
D:3:      nicolae_ru_great_annihilating_truth, minmay_misc_feat_more_columns
D:4:      lemuel_round_altar, kennysheep_boxes, uniq_grinder
D:5:      minmay_temple_entry_trees, first_bread, portal_sewer_entry_f
D:6:      bloody_makhleb, nemelex_lonely_heart_becter, uniq_sigmund
D:7:      kennysheep_little_box
D:8:      dpeg_lair_monsters, uniq_erica, uniq_gastronok, uniq_prince_ribbit1
D:9:      kennysheep_mini_moat, zombieorc2_lemuel, hangedman_fish_farm
Temple:   minmay_crystal_spiral_temple
Lair:1:   st_stairs_6
Lair:2:   minmay_swamp_entry_wisps, eino_house_with_fridge, serial_bayou_shore_b
Lair:3:   nicolae_spider_entry_non_spiders, minivault_26, beast_lair_carwin_9
Lair:4:   regret_index_bee_streams, lemuel_fruit_tree
Lair:5:   dragon1_lemuel
Lair:6:   minmay_lair_end_enchanted_forest, slime_altar_1,
          infiniplex_staircase_pool
Sewer:    sewer_minmay_w

Table legend:
 A = Turns spent in this place as a percentage of turns spent in the entire game.
 B = Non-inter-level travel turns spent in this place as a percentage of non-inter-level travel turns spent in the entire game.
 C = Inter-level travel turns spent in this place as a percentage of turns spent in this place.
 D = Turns resting spent in this place as a percentage of non-inter-level travel turns spent in this place.
 E = Turns spent auto-exploring this place as a percentage of non-inter-level travel turns spent in this place.
 F = Non-inter-level travel turns spent in this place divided by the number of levels of this place that you've seen.
                   A       B       C       D       E      F
               +-------+-------+-------+-------+-------+----------------------
         Total | 100.0 | 100.0 |   0.4 |   2.7 |   4.1 | 468.9
       Dungeon |  68.2 |  68.2 |   0.4 |   2.6 |   4.5 | 575.6
        Temple |   0.7 |   0.7 |   3.3 |   0.0 |  27.6 |  58.0
          Lair |  26.5 |  26.5 |   0.4 |   2.5 |   2.1 | 372.7
         Sewer |   4.6 |   4.6 |   0.0 |   5.6 |   4.4 | 390.0
               +-------+-------+-------+-------+-------+----------------------

Table legend:
 A = Kills in this place as a percentage of kills in entire the game.
 B = Kills by you in this place as a percentage of kills by you in the entire game.
 C = Kills by friends in this place as a percentage of kills by friends in the entire game.
 D = Other kills in this place as a percentage of other kills in the entire game.
 E = Experience gained in this place as a percentage of experience gained in the entire game.
 F = Experience gained in this place divided by the number of levels of this place that you have seen.
                   A       B       C       D       E      F
               +-------+-------+-------+-------+-------+----------------------
         Total | 100.0 | 100.0 | 100.0 | 100.0 | 100.0 | 2044.4
       Dungeon |  67.1 |  66.9 | 100.0 | 100.0 |  57.9 | 2131.6
          Lair |  21.1 |  21.2 |   0.0 |   0.0 |  41.2 | 2528.5
         Sewer |  11.8 |  11.9 |   0.0 |   0.0 |   0.8 | 312.0
               +-------+-------+-------+-------+-------+----------------------
